 Dungeon Crawl Stone Soup version 0.29.0-11-gd7f09526c8 (webtiles) character file.

Game seed: 14650187976943918326

124 freelancePsychic the Slasher (level 5, 0/37 (43) HPs)
             Began as a Barachi Chaos Knight on Sept 3, 2022.
             Was a Plaything of Xom.
             Slain by a giant cockroach (1 damage)
             ... in a sewer.
             The game lasted 00:04:48 (2475 turns).

freelancePsychic the Slasher (Barachi Chaos Knight) Turns: 2475, Time: 00:04:48

HP:   0/37 (43)     AC:  7    Str: 13    XL:     5   Next: 8%
MP:   0/5           EV: 11    Int: 13    God:    Xom [..*...]
Gold: 101           SH:  4    Dex: 13    Spells: 4/4 levels left

rFire   . . .      SeeInvis .   a - +0 falchion (flame)
rCold   . . .      Faith    .   i - +0 buckler
rNeg    . . .      Spirit   +   b - +2 leather armour
rPois   .          Reflect  .   (no helmet)
rElec   .          Harm     .   n - +0 cloak
rCorr   .          Rampage  .   p - +0 pair of gloves
Will    .....                   (no boots)
Stlth   +.........              f - amulet of guardian spirit
HPRegen 0.12/turn               (no ring)
MPRegen 0.09/turn               (no ring)

@: hasted, heavily drained, invisible, quick
A: amphibious, slowness 1, strong legs 1, +LOS, passive freeze
a: Hop, Renounce Religion


You were in a sewer.
You worshipped Xom.
You were a toy of Xom.
You visited 1 branch of the dungeon, and saw 3 of its levels.
You also visited: Sewer.

You collected 101 gold pieces.

Inventory:

Hand Weapons
 a - a +0 falchion of flaming (weapon)
Missiles
 q - 4 curare-tipped darts
 s - 3 javelins
Armour
 b - a +2 leather armour (worn)
 i - a +0 buckler (worn)
 n - a +0 cloak (worn)
 p - a +0 pair of gloves (worn)
Jewellery
 f - an amulet of guardian spirit (around neck)
Potions
 e - a potion of cancellation
Miscellaneous
 c - a piece from Xom's chessboard (15/15) (quivered)


   Skills:
 + Level 4.6 Fighting
 * Level 5.6 Long Blades
 - Level 2.4 Armour
 - Level 1.1 Dodging
 + Level 1.6 Shields


You had 4 spell levels left.
You didn't know any spells.
Your spell library was empty.

Dungeon Overview and Level Annotations

Branches:
Dungeon (3/15)              Sewer (1/1)

Altars:

Annotations:
D:2 Natasha, Terence


Innate Abilities, Weirdness & Mutations

You are amphibious.
You cover ground slowly.
You can hop short distances.
You have an extended range of vision and can be seen from far away.
A frigid envelope surrounds you and freezes all who hurt you.


Message History

You hit the wight. You burn the wight.
The wight is lightly damaged.
The wight hits you but does no damage.
The giant cockroach bites you but does no damage.
You hit the wight. You burn the wight.
The wight is moderately damaged.
You block the wight's attack.
You hit the wight but do no damage.
The wight is moderately damaged.
The wight hits you with a +0 halberd.
The giant cockroach splashes around in the water.
You barely miss the wight.
The wight is moderately damaged.
The giant cockroach closely misses you. The wight hits you with a +0 halberd!
* * * LOW HITPOINT WARNING * * *
You barely miss the wight.
The wight is moderately damaged.
The giant cockroach waves its antennae.
The giant cockroach splashes around in the water.
The wight barely misses you.
You hit the wight but do no damage.
The wight is moderately damaged.
The giant cockroach bites you but does no damage.
The wight closely misses you.
You hit the wight. You burn the wight.
The wight is heavily damaged.
The giant cockroach bites you but does no damage.
The wight hits you with a +0 halberd!
* * * LOW HITPOINT WARNING * * *
You feel drained.
* * * LOW HITPOINT WARNING * * *
You block the giant cockroach's attack.
It was a potion of mutation.
You feel extremely strange.
Your skin feels very cold.
The wight misses you.
The giant cockroach splashes around in the water.
It was a potion of haste.
You feel yourself speed up. The giant cockroach bites you.
You die... "This toy is broken."

*,,,,,,,+.......+,,,,,,,***
,,,,,,,,+.⌠._.⌠.+,,,,,,,,∩*
*,,,,,,,+.......+,,,,,,,***
**~~~~~~*...⌠..,*~~~~~~**
*********#...**********
############'#########
≈≈~#~≈≈≈≈≈#)..#≈≈≈≈○≈#
≈~~~~~~~≈.....BB§.§~.#
≈≈~#))....#...#z@.§..#
~~~#'#######≈#######+#
≈~≈#......#≈≈≈#......#
≈~~#~~≈~..#≈≈≈#...~.≈#
≈≈~#≈≈≈≈~...≈....≈~≈≈#
≈~~#≈≈≈≈≈~#...#.≈~≈≈≈#
≈~≈#≈≈≈≈≈≈≈...#≈≈≈≈≈≈#
≈≈≈#≈≈≈≈≈≈#...#≈≈≈≈≈≈#
~~~#≈≈≈≈≈≈#...≈≈≈≈≈≈≈#


You could see a wight (unable to see you) and 2 giant cockroaches.

Vanquished Creatures
  Jessica (D:2)
  3 shadow imps (Sewer)
  5 endoplasms
  10 giant cockroaches
  7 goblins
  A hobgoblin (D:1)
  3 jackals (D:1)
  12 kobolds
  6 quokkas
  7 ball pythons
  6 bats
  5 frilled lizards
  A kobold zombie (Sewer)
  A rat (D:1)
68 creatures vanquished.

Vanquished Creatures (collateral kills)
  A hobgoblin (D:2)
1 creature vanquished.

Vanquished Creatures (others)
  A ball python (Sewer)
  3 plants
4 creatures vanquished.

Grand Total: 73 creatures vanquished

Notes
Turn   | Place    | Note
-------+----------+-------------------------------------------
     0 | D:1      | freelancePsychic the Barachi Chaos Knight began the quest
                  | for the Orb.
     0 | D:1      | Reached XP level 1. HP: 18/18 MP: 1/1
   239 | D:1      | Reached skill level 4 in Long Blades
   239 | D:1      | XOM: potion effect (haste)
   243 | D:1      | Reached XP level 2. HP: 22/25 MP: 2/2
   816 | D:1      | XOM: silly message
   878 | D:1      | Reached XP level 3. HP: 30/30 MP: 3/3
  1103 | D:1      | You fall into a shaft and drop 1 floor!
  1140 | D:2      | Noticed Terence
  1163 | D:2      | Noticed Natasha
  1313 | D:2      | XOM: god gift: scroll labelled JUGRUQAS SOPN {god gift}
  1376 | D:2      | XOM: silly message
  1507 | D:2      | Found a faded altar of an unknown god.
  1628 | D:2      | XOM: divination: detect items
  1777 | D:2      | Noticed Jessica
  1783 | D:2      | Killed Jessica
  1784 | D:2      | Reached skill level 5 in Long Blades
  1784 | D:2      | Reached skill level 1 in Shields
  1784 | D:2      | Reached XP level 4. HP: 38/38 MP: 4/4
  2169 | D:3      | Found a glowing drain.
  2185 | Sewer    | Entered a sewer
  2439 | Sewer    | Reached XP level 5. HP: 43/43 MP: 5/5
  2442 | Sewer    | Found an ancient bone altar of Kikubaaqudgha.
  2443 | Sewer    | XOM: enchant monster (good)
  2462 | Sewer    | XOM: confuse monster(s)
  2473 | Sewer    | HP: 1/37 [wight/+0 halberd (2)]
  2474 | Sewer    | Gained mutation: A frigid envelope surrounds you and
                  | freezes all who hurt you. [potion of mutation]
  2475 | Sewer    | Slain by a giant cockroach

Illustrated notes

Levels and vault maps discovered:
D:1:      sevenhm_arrival_forest_fort_large_4, layout_basic, serial_forest,
          infiniplex_forest_lined_room_, infiniplex_forest_lined_2,
          infiniplex_forest_lined_corner, infiniplex_forest_straight_5,
          infiniplex_forest_lined_3_way, infiniplex_forest_corner_2,
          infiniplex_forest_zigzag_2, infiniplex_forest_clump_small,
          infiniplex_forest_end_2
D:2:      layout_loops_ring, shapermc_ecumenical_altar_ellora, uniq_terence,
          uniq_natasha, uniq_jessica
D:3:      layout_loops_ring, portal_sewer_entry_f, kennysheep_pointless_box,
          uniq_ijyb
Sewer:    kennysheep_sewer_church

Skill      XL: |  1  2  3 |
---------------+----------+-----
Long Blades    | 4 5 |  5.6
Fighting       | 4 |  4.6
Shields        | 1 |  1.6
Armour         | |  2.4
Dodging        | |  1.1

Action                   |  1- 3 |  4- 6 || total
-------------------------+-------+-------++-------
Melee: Falchion          |   116 |    98 ||   214
  Use: Scroll            |     2 |     7 ||     9
       Potion            |       |     4 ||     4
 Stab: Sleeping          |     1 |     2 ||     3
       Petrified         |       |     2 ||     2
       Petrifying        |       |     1 ||     1
Armor: Leather armour    |    60 |    47 ||   107
Dodge: Dodged            |    77 |    79 ||   156
Block: Buckler           |    11 |    24 ||    35
